Map: Ruins of Seras

Players

uThermal - Winner!

  • Race: Terran Terran
  • League: Grandmaster

HyuN

  • Race: Zerg Zerg
  • League: Platinum

Event: Homestory Cup XII

VOD

Have the link to the VOD?

Description

Time

  • Played on: Dec. 18, 2015, 10:34 a.m.
  • Length: 11:25

All games in this series

Show
View Real Time Build Order
Export as new Build Order

uThermal Terran - Winner!

Build Orders:  

Get SALT Encoding   

  12  0:01  SCV  
  13  0:14  SCV  
  14  0:18  Supply Depot  
  14  0:26  SCV  
  15  0:39  SCV  
  15  0:41  Barracks  
  16  0:46  Refinery  
  16  0:52  SCV  
  17  1:04  SCV  
  18  1:16  SCV  
  19  1:28  Orbital Command  
  19  1:29  Barracks Reactor  
  19  1:45  Command Center  
  19  1:54  SCV  
  19  1:57  Supply Depot  
  20  2:06  Reaper x2  
  20  2:07  SCV  
  23  2:19  SCV  
  24  2:31  SCV  
  25  2:37  Command Center  
  25  2:46  SCV, Factory  
  26  2:58  Orbital Command  
  26  3:01  Refinery  
  26  3:03  SCV  
  26  3:04  Marine  
  28  3:07  Marine  
  29  3:15  SCV  
  30  3:24  SCV  
  31  3:27  SCV  
  31  3:31  Starport  
  32  3:35  Barracks Reactor, Hellion x2  
  32  3:39  SCV  
  37  3:45  Refinery  
  37  3:46  SCV  
  36  3:48  Orbital Command  
  36  3:52  SCV  
  37  3:58  SCV, Hellion  
  39  4:05  Hellion  
  41  4:12  Liberator x2  
  41  4:19  Hellion  
  35  4:26  Hellion  
  41  4:31  SCV x2  
  41  4:35  SCV  
  44  4:43  SCV  
  46  4:49  Hellion  
  46  4:50  Hellion  
  49  4:54  Supply Depot  
  49  4:57  SCV  
  50  5:03  Armory  
  50  5:04  SCV x2  
  50  5:06  Liberator  
  52  5:08  Liberator  
  52  5:11  Hellion x2  
  56  5:16  SCV x2  
  56  5:21  Orbital Command  
  64  5:29  SCV x2  
  64  5:30  Barracks Tech Lab  
  66  5:38  Supply Depot  
  66  5:39  Supply Depot  
  66  5:41  Factory Tech Lab, SCV x2  
  68  5:46  SCV  
  69  5:57  SCV x2, Marine  
  69  5:58  Liberator  
  69  6:00  SCV  
  69  6:02  Siege Tank  
  73  6:09  SCV x2  
  72  6:12  SCV  
  72  6:14  Marine  
  75  6:21  SCV x2  
  75  6:24  SCV  
  70  6:31  Liberator  
  70  6:32  Marine  
  64  6:33  SCV x2  
  64  6:34  Siege Tank  
  64  6:36  SCV, Bunker, Barracks  
  64  6:37  Bunker, Barracks  
  71  6:45  SCV x2  
  73  6:48  SCV  
  73  6:49  Supply Depot  
  73  6:50  Marine  
  78  6:57  SCV x2  
  78  7:00  SCV  
  81  7:03  Refinery  
  81  7:04  Barracks  
  81  7:05  Barracks  
  81  7:06  Supply Depot  
  81  7:08  Marine  
  78  7:10  SCV x2, Siege Tank  
  78  7:12  SCV, Liberator  
  85  7:22  SCV  
  85  7:26  SCV, Barracks  
  85  7:27  Barracks  
  88  7:31  SCV  
  88  7:34  SCV  
  88  7:36  Marine  
  91  7:38  SCV  
  91  7:42  Siege Tank  
  93  7:48  SCV  
  94  7:54  SCV  
  94  7:56  Barracks Tech Lab x2  
  95  8:00  Supply Depot, SCV  
  95  8:05  Marine  
  97  8:12  Marine  
  98  8:15  Orbital Command  
  98  8:19  Siege Tank  
  101  8:22  Marine  
  101  8:24  SCV x2  
  101  8:26  Marine x3  
  107  8:27  Marine  
  107  8:28  Supply Depot  
  107  8:29  Supply Depot  
  107  8:30  Marine  
  106  8:36  SCV  
  106  8:40  Marine  
  108  8:41  SCV  
  109  8:49  Marine x5  
  109  8:51  Supply Depot  
  109  8:52  Supply Depot  
  109  8:54  Siege Tank  
  116  8:58  Marine  
  117  9:06  SCV x2, Supply Depot  
  117  9:07  Supply Depot, Marine x4  
  119  9:12  Marine  
  119  9:15  Stimpack  
  119  9:16  SCV, Marine  
  116  9:18  SCV  
  114  9:24  SCV  
  114  9:25  Marine x3  
  114  9:30  SCV  
  114  9:31  Refinery, Marine  
  119  9:32  Refinery  
  119  9:37  Marine  
  119  9:38  Marine  
  121  9:40  Refinery  
  121  9:41  Refinery  
  121  9:43  Marine x2  
  125  9:46  Engineering Bay  
  125  9:47  Engineering Bay, Marine  
  125  9:51  Marine  
  127  9:56  Marine  
  127  9:58  Marine  
  129  10:00  Medivac  
  129  10:01  Marine  
  129  10:07  Siege Tank, Barracks, Marine x2  
  133  10:08  Marine  
  133  10:09  Barracks  
  133  10:11  Barracks x2  
  136  10:14  Marine  
  136  10:16  Marine  
  136  10:20  Marine  
  139  10:24  Medivac  
  139  10:25  Marine x2  
  139  10:26  Marine  
  141  10:32  Marine  
  141  10:33  Marine  
  143  10:38  Marine  
  143  10:39  Siege Tank  
  147  10:43  Marine x2  
  147  10:44  Supply Depot, Marine  
  147  10:45  Supply Depot x3  
  147  10:49  Marine  
  147  10:51  Marine  
  147  10:52  Medivac  
  147  10:55  Marine  
  152  10:59  Command Center, Marine  
  152  11:00  Marine x2  
  152  11:01  Marine x2  
  157  11:06  Supply Depot, Marine x2  
Show
View Real Time Build Order
Export as new Build Order

HyuN Zerg 

Build Orders: Hatch First 

Get SALT Encoding   

  12  0:01  Drone  
  13  0:12  Overlord  
  13  0:18  Drone  
  14  0:30  Drone x2  
  14  0:35  Drone  
  17  0:52  Hatchery  
  17  0:56  Drone  
  17  0:59  Drone  
  18  1:08  Extractor  
  17  1:15  Spawning Pool  
  17  1:18  Drone  
  17  1:21  Drone  
  18  1:29  Drone  
  19  1:38  Overlord  
  19  1:51  Drone  
  20  2:03  Zergling x2, Queen  
  20  2:04  Queen  
  20  2:05  Zergling x2  
  26  2:09  Metabolic Boost  
  26  2:13  Zergling x2  
  27  2:16  Drone  
  27  2:22  Drone  
  29  2:26  Drone  
  30  2:35  Overlord  
  30  2:38  Drone, Queen  
  30  2:43  Drone  
  34  2:48  Drone  
  34  2:59  Zergling x4  
  34  3:02  Hatchery  
  35  3:11  Zergling x8  
  38  3:15  Drone x2  
  40  3:23  Drone  
  40  3:24  Zergling x2  
  40  3:25  Overlord  
  42  3:27  Drone  
  43  3:46  Drone  
  43  3:47  Drone  
  45  3:49  Drone x6  
  45  3:53  Overlord  
  51  4:01  Drone  
  51  4:03  Overlord  
  51  4:04  Overlord  
  51  4:07  Roach Warren, Extractor  
  51  4:09  Extractor  
  48  4:15  Drone  
  47  4:17  Drone  
  47  4:19  Drone  
  47  4:21  Drone  
  47  4:22  Drone x2  
  47  4:23  Drone  
  52  4:25  Drone  
  52  4:27  Drone  
  52  4:29  Drone  
  52  4:30  Drone  
  54  4:33  Drone  
  54  4:34  Drone  
  54  4:36  Drone  
  57  4:40  Lair  
  57  4:42  Drone  
  57  4:43  Drone, Extractor  
  58  4:49  Roach x2  
  62  4:53  Queen x2  
  62  4:59  Roach x2  
  70  5:04  Roach x2  
  73  5:15  Overlord x2  
  73  5:17  Drone x5  
  77  5:24  Roach x2  
  77  5:26  Drone  
  82  5:28  Overlord  
  82  5:36  Roach x5  
  82  5:38  Ravager x2  
  82  5:39  Ravager  
  89  6:11  Roach x6  
  84  6:12  Drone  
  84  6:15  Nydus Network  
  84  6:16  Drone x3  
  84  6:17  Drone x5  
  81  6:30  Roach x7  
  94  6:38  Spore Crawler, Queen  
  95  6:46  Queen  
  95  6:55  Nydus Canal  
  90  7:06  Roach x3  
  84  7:23  Spore Crawler  
  84  7:24  Spore Crawler  
  73  7:39  Drone x3  
  73  7:42  Drone x3  
  77  7:58  Roach x2  
  81  8:00  Overseer  
  81  8:01  Roach  
  81  8:03  Ravager  
  84  8:11  Ravager  
  85  8:22  Nydus Canal  
  85  8:24  Roach  
  87  8:29  Drone x2  
  89  8:38  Nydus Canal  
  82  9:09  Drone  
  71  9:10  Drone x6  
  59  9:21  Drone  
  59  9:22  Drone x2  
  49  9:25  Drone  
  49  9:28  Drone  
  51  9:34  Drone  
  51  9:37  Drone  
  53  9:40  Drone  
  53  9:42  Drone  
  56  9:45  Drone  
  56  9:50  Roach  
  58  9:53  Roach  
  58  9:54  Roach  
  58  9:57  Roach  
  64  10:00  Drone  
  64  10:03  Drone  
  64  10:04  Drone x2  
  68  10:09  Drone x2  
  68  10:10  Drone  
  71  10:30  Ravager  
  71  10:31  Ravager x3  
  75  10:40  Queen  
  77  10:46  Drone x6  
  77  10:48  Drone x6, Extractor  
  77  10:49  Extractor  
  87  10:50  Evolution Chamber  
  87  10:51  Evolution Chamber  
  87  10:53  Roach  
  87  10:54  Roach x3  
  87  10:56  Overlord  
  93  11:03  Roach  
  93  11:04  Roach x2  
Tags
 
Add a new tag
Caveats
  • Supply blocks, unpowered buildings, or Contaminate may cause inaccurate times.
  • Supply counts are checked every 10 seconds.